 Dungeon Crawl Stone Soup version 0.27-a0-385-g3208abaabc (webtiles) character file.

Game seed: 11302139509944872408

552 jestyr24 the Conjurer (level 7, -2/51 HPs)
             Began as a Grey Draconian Conjurer on Feb 18, 2021.
             Was an Initiate of Sif Muna.
             Blown up by Ijyb (21 damage)
             ... with a mindburst bolt
             ... on level 5 of the Dungeon on Feb 19, 2021.
             The game lasted 00:29:34 (5273 turns).

jestyr24 the Conjurer (Grey Draconian Conjurer)     Turns: 5273, Time: 00:29:34

Health: -2/51      AC: 12    Str: 10    XL:     7   Next: 8%
Magic:  3/11       EV: 12    Int: 20    God:    Sif Muna [......]
Gold:   251        SH:  5    Dex:  9    Spells: 8/12 levels left

rFire    . . .     SeeInvis .   g - +0 dagger (speed)
rCold    . . .     Faith    .   (no shield)
rNeg     . . .     Spirit   .   (armour unavailable)
rPois    .         Reflect  +   (helmet restricted)
rElec    .         Harm     .   (no cloak)
rCorr    .         Rampage  .   (no gloves)
Will     .....                  k - +0 pair of boots
Stlth    ++........             c - amulet of reflection
HPRegen  0.17/turn              (no ring)
MPRegen  0.12/turn              (no ring)

@: no status effects
A: walk through water, unfitting armour, talons 1, frail 1, unbreathing,
cold-blooded, AC +11
a: Renounce Religion


You were on level 5 of the Dungeon.
You worshipped Sif Muna.
Sif Muna was noncommittal.
You visited 1 branch of the dungeon, and saw 5 of its levels.

You collected 251 gold pieces.

Inventory:

Hand Weapons
 g - a +0 dagger of speed (weapon)
Missiles
 a - 13 poisoned darts
 o - 7 curare-tipped darts
Armour
 k - a +0 pair of boots (worn)
 l - a +0 kite shield
 m - a +2 helmet
Jewellery
 c - an amulet of reflection (around neck)
Scrolls
 d - 5 scrolls of identify
 e - 3 scrolls of blinking
 f - 2 scrolls of immolation {unknown}
 n - 2 scrolls of amnesia {unknown}
 p - 2 scrolls of enchant weapon {unknown}
 q - a scroll of teleportation {unknown}
Potions
 b - 2 potions of might
 h - a potion of degeneration {unknown}
 i - a potion of invisibility {unknown}
 j - 3 potions of heal wounds {unknown}
 r - a potion of attraction {unknown}


   Skills:
 * Level 3.6 Fighting
 + Level 2.6 Short Blades
 + Level 2.9 Dodging
 + Level 2.9 Stealth
 + Level 0.4 Shields
 + Level 3.2 Spellcasting
 + Level 5.2 Conjurations
 + Level 0.4 Hexes


You had 8 spell levels left.
You knew the following spells:

 Your Spells              Type           Power        Failure   Level
a - Magic Dart            Conj           96%          1%          1
b - Searing Ray           Conj           48%          2%          2
c - Corona                Hex            5%           12%         1

Your spell library contained the following spells:

 Spells                   Type           Power        Failure   Level
 Dazzling Flash           Conj/Hex       28%          13%         3
 Animate Skeleton         Necr           6%           14%         1
 Apportation              Tloc           6%           14%         1
 Beastly Appendage        Tmut           6%           14%         1
 Sandblast                Erth           6%           14%         1
 Summon Small Mammal      Summ           12%          14%         1
 Wereblood                Tmut           3%           22%         2
 Spider Form              Tmut/Pois      1%           38%         3
 Fulminant Prism          Conj/Hex       7%           38%         4
 Iskenderun's Mystic Bla  Conj/Tloc      13%          43%         4
 Ice Form                 Ice/Tmut       3%           80%         4
 Blade Hands              Tmut           1%           98%         5


Dungeon Overview and Level Annotations

Branches:
Dungeon (5/15)
 Temple: D:4-7

Altars:
Kikubaaqudgha
Sif Muna
Uskayaw

Annotations:
D:5 Ijyb


Innate Abilities, Weirdness & Mutations

You can walk through water.
Your dull iron-grey scales are very hard. (AC +11)
You cannot fit into any form of body armour.
You can survive without breathing.
You are cold-blooded and may be slowed by cold attacks.
You have sharp toenails.
You are frail. (-10% HP)


Message History

You hit Ijyb but do no damage.
Ijyb is almost dead.
You hit Ijyb but do no damage.
Ijyb is almost dead.
Ijyb hits you but does no damage.
You hit Ijyb but do no damage.
Ijyb is almost dead.
Ijyb hits you but does no damage.
You hit Ijyb but do no damage.
Ijyb is almost dead.
You hit Ijyb but do no damage.
Ijyb is almost dead.
Ijyb completely misses you.
You hit Ijyb but do no damage.
Ijyb is almost dead.
You barely miss Ijyb.
Ijyb is almost dead.
Ijyb misses you.
You hit Ijyb but do no damage.
Ijyb is almost dead.
Ijyb hits you but does no damage.
You hit Ijyb but do no damage.
Ijyb is almost dead.
You closely miss Ijyb.
Ijyb is almost dead.
Ijyb hits you but does no damage.
You hit Ijyb but do no damage. You tail-slap Ijyb, but do no damage.
Ijyb is almost dead.
You barely miss Ijyb.
Ijyb is almost dead.
Ijyb hits you but does no damage.
You hit Ijyb but do no damage.
Ijyb is almost dead.
You hit Ijyb but do no damage.
Ijyb is almost dead.
Ijyb zaps a wand.
You struggle to resist.
You barely miss Ijyb. You tail-slap Ijyb, but do no damage.
Ijyb is almost dead.
Ijyb zaps a wand.
Your mind is blasted!
You die...

#### #.# #.# ######.#
#...##.# .#......#
........#####
..............
##.....#################
.......'........@g......
####...#################
#...# #####


You could see Ijyb.

Vanquished Creatures
  A centaur (D:2)
  A scorpion (D:4)
  A howler monkey (D:4)
  An orc priest (D:3)
  A bullfrog skeleton (D:4)
  An iguana (D:4)
  2 orc wizards (D:4)
  3 worker ants (D:4)
  6 adders
  3 gnolls (D:2)
  An ooze (D:1)
  An adder zombie (D:4)
  4 worms
  A dart slug (D:3)
  2 leopard geckos (D:2)
  6 orcs (D:3)
  A ball python (D:3)
  8 bats
  2 giant cockroaches
  8 goblins
  11 hobgoblins
  5 frilled lizards
  14 kobolds
  A leopard gecko skeleton (D:4)
  8 rats
93 creatures vanquished.

Vanquished Creatures (others)
  A plant (D:1)
  5 toadstools (D:1)
6 creatures vanquished.

Grand Total: 99 creatures vanquished

Notes
Turn   | Place    | Note
-------+----------+-------------------------------------------
     0 | D:1      | jestyr24 the Draconian Conjurer began the quest for the
                  | Orb.
     0 | D:1      | Reached XP level 1. HP: 14/14 MP: 3/3
   363 | D:1      | Reached skill level 1 in Fighting
   363 | D:1      | Reached XP level 2. HP: 23/23 MP: 1/5
  1108 | D:1      | Reached XP level 3. HP: 28/28 MP: 6/6
  1448 | D:2      | Gained mutation: You are frail. (-10% HP) [potion of
                  | mutation]
  1448 | D:2      | Gained mutation: You have sharp toenails. [potion of
                  | mutation]
  1823 | D:2      | Noticed a centaur
  1855 | D:2      | Killed a centaur
  1856 | D:2      | Reached skill level 1 in Short Blades
  1856 | D:2      | Reached XP level 4. HP: 3/32 MP: 0/7
  2176 | D:2      | Learned a level 2 spell: Searing Ray
  2309 | D:2      | Learned a level 1 spell: Corona
  2418 | D:2      | Reached XP level 5. HP: 33/36 MP: 5/8
  3374 | D:3      | Reached skill level 5 in Conjurations
  3609 | D:3      | Reached XP level 6. HP: 34/45 MP: 3/10
  4656 | D:4      | Found a hide-covered altar of Uskayaw.
  5040 | D:4      | Found an ancient bone altar of Kikubaaqudgha.
  5091 | D:4      | Found a shimmering blue altar of Sif Muna.
  5095 | D:4      | Became a worshipper of Sif Muna the Loreminder
  5113 | D:4      | Your scales start taking on a dull iron-grey colour.
  5113 | D:4      | Reached XP level 7. HP: 34/51 MP: 6/11
  5113 | D:4      | Gained mutation: You can survive without breathing. [Grey
                  | Draconian growth]
  5212 | D:4      | Identified Sif Muna's Compendium of Earth
  5215 | D:5      | Entered Level 5 of the Dungeon
  5242 | D:5      | Noticed Ijyb
  5273 | D:5      | Blown up by Ijyb

Illustrated notes

Levels and vault maps discovered:
D:1:      ldierk_walled_garden, layout_loops_corners, serial_forest,
          infiniplex_forest_straight_2, infiniplex_forest_lined_4_way,
          infiniplex_forest_end_3, infiniplex_forest_clump_curved,
          infiniplex_forest_lined_3_way, infiniplex_forest_lined_3
D:2:      layout_basic, kennysheep_cross_bottleneck
D:3:      layout_basic
D:4:      layout_rooms, marbit_many_paths, eat_drink_and_be_merry_uskayaw,
          led_sif_book
D:5:      layout_basic, okawaru_metal_pillars_3, uniq_eustachio, uniq_ijyb,
          uniq_pikel, uniq_sigmund

Skill      XL: |  1  2  3  4  5  6 |
---------------+-------------------+-----
Fighting       | 1 2 3 |  3.6
Dodging        | 2 |  2.9
Short Blades   | 1 2 |  2.6
Stealth        | 2 |  2.9
Conjurations   | 5 |  5.2
Spellcasting   | 3 |  3.2
Shields        | |  0.4
Hexes          | |  0.4

Action                   |  1- 3 |  4- 6 |  7- 9 || total
-------------------------+-------+-------+-------++-------
Melee: Short sword       |    35 |       |       ||    35
       Dagger            |    38 |   124 |    17 ||   179
       Kick              |     8 |    20 |       ||    28
       Tailslap          |     3 |     6 |     2 ||    11
 Cast: Magic Dart        |    52 |    31 |       ||    83
       Searing Ray       |       |    28 |     3 ||    31
       Corona            |       |     7 |       ||     7
  Use: Scroll            |     2 |       |       ||     2
       Potion            |     1 |       |       ||     1
 Stab: Sleeping          |     4 |     1 |       ||     5
Armor: Skin              |    26 |    24 |    12 ||    62
Dodge: Dodged            |    52 |    65 |     2 ||   119
Block: Other             |       |    13 |     4 ||    17
       Reflection        |       |     1 |       ||     1

Table legend: (Time is in decaauts)
 A = Elapsed time spent in this place.
 B = Non-inter-level travel time spent in this place.
 C = Inter-level travel time spent in this place.
 D = Time resting spent in this place.
 E = Time spent auto-exploring this place.
 F = Levels seen in this place.
 G = Mean time per level.
                   A        B        C        D        E       F      G
               +--------+--------+--------+--------+--------+-----+--------+
         Total |   5212 |   5144 |     68 |   1149 |   2859 |   5 | 1042.4 |
       Dungeon |   5212 |   5144 |     68 |   1149 |   2859 |   5 | 1042.4 |
               +--------+--------+--------+--------+--------+-----+--------+

Top non-repeatable levels by time:
     D:2: 1699 daAuts
     D:1: 1628 daAuts
     D:3: 1067 daAuts
     D:4: 766 daAuts
     D:5: 51 daAuts
